 Dungeon Crawl Stone Soup version 0.31.0-32-g396128a36d (webtiles) character file.

Game seed: 9866458196916555434

118 Killerpretzel the Changeling (level 5, -1/34 HPs)
             Began as an Octopode Shapeshifter on Mar 8, 2024.
             Slain by an orc priest
             ... wielding a +0 falchion
              (2 damage)
             ... on level 3 of the Dungeon.
             The game lasted 00:02:24 (2076 turns).

Killerpretzel the Changeling (OpSh)                 Turns: 2076, Time: 00:02:25

Health: -1/34      AC:  1    Str: 14    XL:     5   Next: 2%
Magic:  5/5        EV: 13    Int: 12    God:
Gold:   135        SH:  0    Dex: 13    Spells: 4/4 levels left

rFire   . .          .
                       - Unarmed
rCold   . . .        (no shield)
rNeg    . . .        (helmet currently unavailable)
rPois   .            i - amulet of the acrobat
rElec   .            d - ring of resist corrosion
rCorr   +            (no ring)
SInv    .            (no ring)
Will    .....        (no ring)
Stlth   ++           (no ring)
HPRegen 0.25/turn    (no ring)
MPRegen 0.09/turn    (no ring)
                     (no ring)

%: acrobat
@: beast-form
A: beast (slay +2), almost no armour, amphibious, 8 rings, camouflage 1,
gelatinous body 1, (nimble swimmer 1), tentacles
a: Begin Untransformation


You were on level 3 of the Dungeon.
You were a hulking beast.
You visited 1 branch of the dungeon, and saw 3 of its levels.

You collected 135 gold pieces.

Inventory:

Jewellery
 d - a ring of resist corrosion (left tentacle)
 i - an amulet of the acrobat (around mantle)
Talismans
 b - a beast talisman
 c - a flux talisman
 f - a maw talisman
Potions
 a - a potion of lignification
 g - a potion of haste {unknown}
 h - 2 potions of attraction
 j - a potion of heal wounds {unknown}
 l - a potion of magic {unknown}


   Skills:
 + Level 2.1 Fighting
 + Level 2.8 Dodging
 + Level 3.6 Unarmed Combat
 * Level 4.0 Shapeshifting


You had 4 spell levels left.
You didn't know any spells.
Your spell library contained the following spells:

 Spells                   Type           Power      Damage    Failure   Level
 Fugue of the Fallen      Necr           0%         N/A       69%         3
 Ozocubu's Armour         Ice            0%         N/A       69%         3
 Manifold Assault         Tloc           0%         N/A       97%         4


Dungeon Overview and Level Annotations

Branches:
Dungeon (3/15)

Altars:


Innate Abilities, Weirdness & Mutations

You are a hulking beast.
Your limbs bulge with bestial killing power. (Slay +2)
You cannot wear most types of armour.
You are amphibious.
You can wear up to eight rings at the same time.
Your skin changes colour to match your surroundings (Stealth+).
Your rubbery body absorbs attacks. (AC +1, EV +1)
((You are camouflaged when in or above water. (Stealth+)))
You have tentacles for arms and can constrict up to eight enemies at once.


Message History

The orc priest looks satisfied for a moment.
The orc hits you with a +0 dagger.
You tentacle-slap the orc but do no damage.
The orc is lightly wounded.
You constrict the orc.
The orc priest looks encouraged for a moment.
The orc completely misses you. The orc hits you with a +0 dagger.
You bludgeon the orc!
You kill the orc!
The orc misses you.
Your Shapeshifting skill increases to level 4!
You see here an amethyst potion.
The kobold attacks as it pursues you! The kobold completely misses you.
The orc attacks as it pursues you! The orc completely misses you.
The orc priest calls down the wrath of Beogh upon you.
Beogh smites you!
* * * LOW HITPOINT WARNING * * *
You tentacle-slap the kobold. You grab the kobold.
The kobold is severely wounded.
You constrict the kobold.
You kill the kobold!
You tentacle-slap the orc. You grab the orc. Your squeeze misses the orc.
The orc is lightly wounded.
You constrict the orc. The orc closely misses you.
You tentacle-slap the orc. You squeeze the orc.
You kill the orc!
You have reached level 5!
You feel stronger.
You tentacle-slap the orc.
You kill the orc!
You tentacle-slap the orc priest. You grab the orc priest.
The orc priest is moderately wounded.
You constrict the orc priest.
The orc priest calls down the wrath of Beogh upon you.
Pain shoots through your body!
* * * LOW HITPOINT WARNING * * *
You tentacle-slap the orc priest.
The orc priest is heavily wounded.
You constrict the orc priest.
The orc priest hits you with a +0 falchion.
You die...

##############
##.....)......#
........####..#
##.#.##.# #.<# #.##.#
#..# #.##.# #..#
#"##.## #..# #.##..#
#..# #h###.# #..#
###########o###.###..#
#†......!........†...#
#.....o.........##...#
#.$########.######...#
.#####..# #... ....#
......o.# .#.## ##...#
##+###.)# .# #. .....
#..# ## ## #....#


You could see an orc priest.

Vanquished Creatures
  An orc priest (D:3)
  A gnoll (D:1)
  2 adders (D:2)
  A ribbon worm (D:2)
  2 dart slugs
  3 orcs (D:3)
  4 ball pythons
  4 bats (D:1)
  3 endoplasms
  2 giant cockroaches
  A goblin (D:1)
  A hobgoblin (D:1)
  7 jackals
  5 kobolds
  4 quokkas
  2 frilled lizards (D:2)
  5 rats
48 creatures vanquished.

Notes
Turn   | Place    | Note
-------+----------+-------------------------------------------
     0 | D:1      | Killerpretzel the Octopode Shapeshifter began the quest for
                  | the Orb.
     0 | D:1      | Reached XP level 1. HP: 13/13 MP: 1/1
    90 | D:1      | Reached XP level 2. HP: 18/18 MP: 2/2
   424 | D:1      | Reached XP level 3. HP: 14/23 MP: 3/3
   876 | D:1      | Identified a scroll of acquirement
   876 | D:1      | Acquired a ring of resist corrosion
  1055 | D:2      | Found a faded altar of an unknown god.
  1254 | D:2      | Reached XP level 4. HP: 29/29 MP: 4/4
  2062 | D:3      | Reached skill level 4 in Shapeshifting
  2074 | D:3      | Reached XP level 5. HP: 9/34 MP: 5/5
  2075 | D:3      | HP: 1/34 [orc priest/nerve-wracking pain (9)]
  2076 | D:3      | Slain by an orc priest

Illustrated notes

Levels and vault maps discovered:
D:1:      minmay_arrival_doors, layout_loops_ring, minmay_quantized
D:2:      layout_basic, nicolae_ecumenical_lake_church, serial_co_window_serial,
          co_window_corner_a, co_window_paths_a, co_window_corner_a,
          co_window_corner_a, co_window_paths_a, co_window_unsneaky_path_e,
          co_window_of_opportunity_b, co_window_cross_2, co_window_paths_d,
          glass_columns_b, glass_columns_b, glass_columns_b, glass_columns_a
D:3:      layout_loops_ring, dancing_weapons_uskayaw,
          nicolae_sif_muna_little_library, lemuel_doored_altar, uniq_natasha

Skill      XL: |  1  2  3  4 |
---------------+-------------+-----
Fighting       | 2 |  2.1
Shapeshifting  | 4 |  4.0
Dodging        | |  2.8
Unarmed Combat | |  3.6

Action                     |  1- 3 |  4- 6 || total
---------------------------+-------+-------++-------
  Melee: Unarmed           |    59 |    32 ||    91
         Constrict         |    16 |    12 ||    28
         Tentacles         |     7 |     6 ||    13
         Punch             |     2 |     2 ||     4
  Throw: Stone             |    12 |     8 ||    20
    Use: Scroll            |     5 |     2 ||     7
   Stab: Sleeping          |     5 |     4 ||     9
 Armour: Skin              |    21 |    14 ||    35
  Dodge: Dodged            |    45 |    15 ||    60
